 Dungeon Crawl Stone Soup version 0.31-a0-702-gf82c85558f (webtiles) character file.

Game seed: 18379770797570287610

1648 qw the Protected (level 9, 0/52 HPs)
             Began as a Gargoyle Hunter on Sept 7, 2023.
             Slain by an orc
             ... wielding a +0 flail
              (7 damage)
             ... on level 5 of the Dungeon.
             The game lasted 00:01:31 (3199 turns).

qw the Protected (Gargoyle Hunter)                  Turns: 3199, Time: 00:01:32

Health: 0/52       AC: 21    Str: 21    XL:     9   Next: 0%
Magic:  9/9        EV: 11    Int: 10    God:
Gold:   160        SH:  0    Dex: 17    Spells: 8/8 levels left

rFire   . . .        Y - +1 shortbow
rCold   . . .        (shield currently unavailable)
rNeg    + . .        j - +0 ring mail
rPois   inf          g - +0 helmet
rElec   +            (no cloak)
rCorr   .            f - +2 pair of gloves
SInv    .            o - +0 pair of boots
Will    .....        (no amulet)
Stlth   +            i - +6 ring of strength
HPRegen 0.28/turn    (no ring)
MPRegen 0.11/turn

%: no passive effects
@: no status effects
A: sickness immunity, AC +6, negative energy resistance 1, electricity
resistance, torment resistance 1, petrification resistance
a: no special abilities


You were on level 5 of the Dungeon.
You visited 1 branch of the dungeon, and saw 5 of its levels.

You collected 160 gold pieces.


Innate Abilities, Weirdness & Mutations

You are immune to sickness and miasma.
Your stone body is resilient. (AC +6)
You are immune to poison.
You resist negative energy. (rN+)
You are resistant to electric shocks. (rElec)
You are resistant to unholy torment.
You are immune to petrification.


   Skills:
 - Level 4.7 Fighting
 - Level 11.5 Ranged Weapons
 - Level 13.3 Armour
 + Level 1.5 Dodging
 - Level 1.1 Stealth


You had 8 spell levels left.
You didn't know any spells.
Your spell library was empty.

Inventory:

Hand Weapons
 Y - a +1 shortbow (weapon)
Armour
 f - a +2 pair of gloves (worn)
 g - a +0 helmet (worn)
 j - a +0 ring mail (worn)
 o - a +0 pair of boots (worn)
Jewellery
 i - a +6 ring of strength (left hand)
 k - a ring of ice
Scrolls
 r - a scroll of identify
Potions
 a - a potion of magic {unknown}
 b - 3 potions of enlightenment
 c - a potion of haste
 d - a potion of might {unknown}
 e - a potion of resistance
 m - a potion of attraction {unknown}
 q - a potion of lignification {unknown}

Dungeon Overview and Level Annotations

Branches:
Dungeon (5/15)
 Temple: D:4-7

Altars:
Hepliaklqana
Nemelex Xobeh


Message History

Something completely misses you.
The orc wizard hits you but does no damage.
The orc misses you. The orc barely misses you.
You shoot an arrow.
The arrow closely misses the orc wizard.
The adder bites you but does no damage.
You shoot an arrow. The arrow hits the orc wizard.
You kill the orc wizard!
Something hits you but does no damage. The orc closely misses you.
The orc completely misses you. The adder barely misses you.
You shoot an arrow. The arrow hits the adder.
The adder is heavily wounded.
Something hits you. The orc barely misses you. x2
The adder bites you but does no damage.
You shoot an arrow. The arrow hits the adder.
You kill the adder!
Something hits you but does no damage. The orc barely misses you.
The orc completely misses you.
You have reached level 9!
Your experience leads to an increase in your attributes!
Your base attributes are Str 15, Int 10, Dex 15.
Increase (S)trength, (I)ntelligence, or (D)exterity?
You feel agile. x2
You shoot an arrow.
The arrow hits the orc but does no damage.
Something hits you but does no damage. The orc barely misses you.
The orc closely misses you.
You shoot an arrow. The arrow completely misses the orc.
The orc hits you but does no damage. The orc closely misses you.
Something hits you but does no damage.
You shoot an arrow.
The arrow hits the orc but does no damage.
The orc hits you but does no damage. The orc barely misses you.
Something hits you but does no damage.
You shoot an arrow. The arrow hits the orc.
The orc is moderately wounded.
You shoot an arrow. The arrow closely misses the orc.
The orc barely misses you. Something hits you but does no damage.
The orc hits you with a +0 flail!
You die...

##
###########...#
#.............7
#.........(.....
#.........7.<...
#.......^.......
#.!......../ .7.
#...<...o{#.. #
#..<....)@####
#.......o%#
...........#
#...........#
#.......(####
#......#[.#
..##o..#... #.


You could see 2 orcs.

Vanquished Creatures
  A phantom (D:4)
  2 scorpions (D:4)
  2 orc wizards
  An iguana (D:4)
  3 gnolls (D:2)
  A river rat (D:3)
  7 adders
  A shadow imp (D:5)
  A worm (D:3)
  5 dart slugs
  3 orcs (D:3)
  5 bats
  8 endoplasms
  5 giant cockroaches
  9 goblins
  8 hobgoblins
  10 jackals
  7 kobolds
  2 quokkas
  10 ball pythons
  3 frilled lizards (D:3)
  11 rats
105 creatures vanquished.

Notes
Turn   | Place    | Note
-------+----------+-------------------------------------------
     0 | D:1      | qw the Gargoyle Hunter began the quest for the Orb.
     0 | D:1      | Reached XP level 1. HP: 12/12 MP: 1/1
     0 | D:1      | 0 ||| qw: Version: 0.3-a-76-g4403597
     0 | D:1      | 0 ||| qw: Game counter: 757
     0 | D:1      | 0 ||| qw: Melee chars always use a shield: true
     0 | D:1      | 0 ||| qw: God list: Okawaru
     0 | D:1      | 0 ||| qw: Allow faded altars: false
     0 | D:1      | 0 ||| qw: Do Orc after clearing Dungeon:15 true
     0 | D:1      | 0 ||| qw: Do second Lair branch before Depths: true
     0 | D:1      | 0 ||| qw: Lair rune preference: random
     0 | D:1      | 0 ||| qw: Goals: Normal
     0 | D:1      | 0 ||| PLANNING D:1-11
   268 | D:1      | Reached XP level 2. HP: 17/17 MP: 2/2
   507 | D:1      | Reached XP level 3. HP: 21/21 MP: 3/3
   668 | D:1      | 668 ||| UPGRADING to +6 ring of strength.
   669 | D:1      | 669 ||| READING scroll labelled RURHUKL ZO DAST.
   670 | D:1      | 670 ||| READING scroll labelled NUAWNU XUDIOSE.
   771 | D:1      | 771 ||| READING scroll labelled RAMUEJ MIEP.
   772 | D:1      | 772 ||| READING scroll labelled YFUFEUQABY.
   773 | D:1      | 773 ||| DROPPING scroll of butterflies.
   864 | D:2      | Reached skill level 3 in Fighting
   868 | D:2      | Reached XP level 4. HP: 28/28 MP: 4/4
   874 | D:2      | HP: 6/28 [gnoll/+0 flail (3)]
  1341 | D:2      | 1341 ||| READING scroll labelled UCZEAFYUNN.
  1342 | D:2      | 1342 ||| READING scroll labelled BIEPPU ORCHELA.
  1343 | D:2      | 1343 ||| DRINKING 2 red potions.
  1364 | D:3      | 1364 ||| PLANNING SEWER
  1443 | D:3      | Reached XP level 5. HP: 30/32 MP: 5/5
  1571 | D:3      | Reached skill level 6 in Ranged Weapons
  1614 | D:3      | Found a hazy altar of Hepliaklqana.
  1687 | D:3      | Found a sparkling altar of Nemelex Xobeh.
  2038 | D:3      | Found a glowing drain.
  2039 | D:3      | 2039 ||| UPGRADING to +2 pair of gloves.
  2044 | D:3      | 2044 ||| UPGRADING to +0 helmet.
  2049 | D:3      | 2049 ||| UPGRADING to +0 ring mail.
  2059 | D:3      | 2059 ||| DROPPING +0 leather armour.
  2079 | D:3      | 2079 ||| RIP SEWER
  2079 | D:3      | 2079 ||| PLANNING D:1-11
  2212 | D:4      | Reached skill level 1 in Armour
  2280 | D:4      | Noticed a phantom
  2306 | D:4      | Killed a phantom
  2307 | D:4      | Reached XP level 6. HP: 29/39 MP: 6/6
  3036 | D:4      | 3036 ||| UPGRADING to +0 pair of boots.
  3041 | D:4      | 3041 ||| DROPPING +6 ring of intelligence.
  3042 | D:4      | 3042 ||| READING scroll labelled VUECYBIYNN.
  3043 | D:4      | 3043 ||| DRINKING 4 bubbling golden potions.
  3044 | D:4      | 3044 ||| DRINKING 2 grey potions.
  3045 | D:4      | 3045 ||| DRINKING 2 metallic red potions.
  3046 | D:4      | 3046 ||| DRINKING 2 fuming golden potions.
  3046 | D:4      | Reached skill level 13 in Armour
  3046 | D:4      | Reached XP level 7. HP: 44/44 MP: 7/7
  3047 | D:4      | 3047 ||| DRINKING potion of experience.
  3047 | D:4      | Reached XP level 8. HP: 48/48 MP: 8/8
  3048 | D:4      | 3048 ||| DROPPING potion of invisibility.
  3117 | D:5      | Entered Level 5 of the Dungeon
  3123 | D:5      | 3123 ||| STAIRDANCE
  3180 | D:5      | HP: 10/48 [orc wizard/puff of flame (7)]
  3185 | D:5      | HP: 6/48 [orc/+0 whip (2)]
  3193 | D:5      | HP: 6/48 [something (1)]
  3195 | D:5      | Reached XP level 9. HP: 6/52 MP: 9/9
  3199 | D:5      | Slain by an orc

Levels and vault maps discovered:
D:1:      ncdulo_halloftheorcs, layout_loops_cross
D:2:      layout_basic, minmay_cupped
D:3:      layout_rooms, nicolae_hepliaklqana_hazy_memory,
          nemelex_diamond_rough_becter, serial_aquarium, aquarium_bridge_square
          [aquarium_subvault_bridge, aquarium_subvault_wall,
          aquarium_subvault_window, aquarium_subvault_bridge],
          aquarium_bridge_square [aquarium_subvault_wall,
          aquarium_subvault_wall, aquarium_subvault_bridge,
          aquarium_subvault_wall], aquarium_window_1, aquarium_window_2,
          aquarium_window_fake, aquarium_view_2g, aquarium_view_2e,
          aquarium_balcony_3b, aquarium_pool_five, portal_sewer_entry_c,
          nrook_mini_vaults
D:4:      cheibrodos_old_hovel, layout_loops_ring
D:5:      layout_rooms, grunt_gozag_statues, minmay_temple_entry_hall,
          grunt_ministairs_1

Skill      XL: |  1  2  3  4  5  6  7 |
---------------+----------------------+-----
Ranged Weapons | 5 6 11 | 11.5
Fighting       | 3 4 |  4.7
Armour         | 1 13 | 13.3
Dodging        | |  1.5
Stealth        | |  1.1

Action                     |  1- 3 |  4- 6 |  7- 9 || total
---------------------------+-------+-------+-------++-------
   Fire: Shortbow          |   100 |   235 |    50 ||   385
    Use: Scroll            |     4 |     3 |       ||     7
         Potion            |       |     5 |     1 ||     6
 Armour: Leather armour    |    20 |    33 |       ||    53
         Ring mail         |       |    47 |    78 ||   125
  Dodge: Dodged            |    31 |    79 |    45 ||   155

Table legend:
 A = Non-vault XP
 B = Vault XP
 C = Vault XP percentage of total XP
 D = Non-vault monster count
 E = Vault monster count
 F = Vault count percentage of total count
                 A         B        C        D         E       F
            +---------+---------+-------+---------+---------+-------
      Total |     586 |     109 |  15.7 |      92 |      13 |  12.4
            +---------+---------+-------+---------+---------+-------
        D:1 |      58 |       0 |   0.0 |      31 |       0 |   0.0
        D:2 |      96 |       4 |   4.0 |      20 |       2 |   9.1
        D:3 |      73 |      20 |  21.5 |      19 |       7 |  26.9
        D:4 |     346 |      38 |   9.9 |      21 |       2 |   8.7
        D:5 |      13 |      47 |  78.3 |       1 |       2 |  66.7
            +---------+---------+-------+---------+---------+-------
